 Dungeon Crawl Stone Soup version 0.21-a0-331-gfb491b4 (webtiles) character file.

158 nikopol the Skirmisher (level 5, 0/34 HPs)
             Began as a Gargoyle Berserker on Oct 2, 2017.
             Was a Believer of Trog.
             Slain by a hippogriff (4 damage)
             ... on level 3 of the Dungeon.
             The game lasted 00:03:19 (2061 turns).

nikopol the Skirmisher (Gargoyle Berserker)         Turns: 2061, Time: 00:03:20

Health: 0/34       AC: 10    Str: 20    XL:     5   Next: 40%
Magic:  5/5        EV: 11    Int:  8    God:    Trog [**....]
Gold:   55         SH:  0    Dex: 10    Spells: 4/4 levels left

rFire    . . .     SeeInvis .   v - +2 hand axe (venom)
rCold    . . .     Gourm    .   (no shield)
rNeg     + . .     Faith    .   r - +0 ring mail
rPois    ∞         Spirit   .   (no helmet)
rElec    +         Reflect  .   (no cloak)
rCorr    .         Harm     .   (no gloves)
MR       .....                  m - +0 pair of boots
Stlth    +.........             (no amulet)
HPRegen  0.11/turn              (no ring)
MPRegen  0.09/turn              (no ring)

@: no status effects
A: negative energy resistance 1, electricity resistance, unbreathing,
petrification resistance, rot immunity, AC +4
a: Berserk, Trog's Hand, Burn Spellbooks, Renounce Religion


You were on level 3 of the Dungeon.
You worshipped Trog.
Trog was pleased with you.
You were not hungry.

You visited 1 branch of the dungeon, and saw 3 of its levels.

You collected 55 gold pieces.

Inventory:

Hand Weapons
 a - a +0 hand axe
 o - a +0 hand axe of chopping
 v - a +2 hand axe of venom (weapon)
Armour
 b - a +0 animal skin
 m - a +0 pair of boots (worn)
 r - a +0 ring mail (worn)
Jewellery
 n - a cursed ring of loudness {unknown}
 p - an uncursed ring of flight {unknown}
Scrolls
 d - a scroll of enchant armour {unknown}
 e - a scroll of magic mapping {unknown}
 h - 2 scrolls of teleportation {unknown}
 i - a scroll of remove curse {unknown}
 l - 6 scrolls of identify {unknown}
 q - a scroll of enchant weapon {unknown}
 s - a scroll of immolation {unknown}
Potions
 g - a potion of curing {unknown}
 j - a potion of heal wounds {unknown}
 k - a potion of mutation {unknown}
 u - a potion of ambrosia {unknown}
Comestibles
 c - 3 bread rations
 f - 4 royal jellies
 t - 2 chunks of flesh


   Skills:
 + Level 4.3 Fighting
 + Level 4.0 Axes
 + Level 2.4 Armour
 + Level 2.5 Dodging
 + Level 0.9 Stealth


You had 4 spell levels left.
You didn't know any spells.

Dungeon Overview and Level Annotations

Branches:
Dungeon (3/15)

Altars:
Hepliaklqana


Innate Abilities, Weirdness & Mutations

You are resistant to torment.
Your stone body is resilient. (AC +4)
You are immune to poison.
You resist negative energy. (rN+)
You are resistant to electric shocks. (rElec)
You can survive without breathing.
You are immune to petrification.
You are immune to rotting.


Message History

The hippogriff screeches!
You hear a shout!
The hippogriff closely misses you. x2
The hippogriff claws you but does no damage.
You hit the hippogriff.
The hippogriff is lightly wounded.
The hippogriff bites you but does no damage.
The hippogriff pecks you. The hippogriff claws you.
You closely miss the hippogriff.
The hippogriff is lightly wounded.
The hippogriff misses you. The hippogriff pecks you. The hippogriff claws you.
* * * LOW HITPOINT WARNING * * *
You're still recovering from your berserk rage.
You hit the hippogriff.
The hippogriff is poisoned.
The hippogriff is lightly wounded.
You hit the adder but do no damage.
You recover from your berserk rage.
The hippogriff bites you.
* * * LOW HITPOINT WARNING * * *
The hippogriff pecks you.
You die...

#.# #.#
#.#####)##
#.........
#######.#####.##
..............# #
#######..........
######.####..##
#......S@H...#
#.#..)..........
#.##.#####.##.
... #.. .. ..#
### . #.. #.


You could see a hippogriff and an adder.

Vanquished Creatures
  A bullfrog (D:3)
  3 adders
  A worm (D:3)
  2 dart slugs
  5 orcs (D:3)
  A ball python (D:2)
  3 giant cockroaches (D:2)
  6 goblins
  6 hobgoblins
  2 jackals (D:3)
  6 bats
  2 frilled lizards
  5 kobolds
  10 rats
53 creatures vanquished.

Notes
Turn   | Place    | Note
-------+----------+-------------------------------------------
     0 | D:1      | nikopol the Gargoyle Berserker began the quest for the Orb.
     0 | D:1      | Reached XP level 1. HP: 14/14 MP: 1/1
   353 | D:1      | Reached XP level 2. HP: 19/19 MP: 2/2
   938 | D:2      | Reached XP level 3. HP: 20/23 MP: 3/3
   979 | D:2      | Reached ** piety under Trog
  1410 | D:2      | Found a hazy altar of Hepliaklqana.
  1446 | D:2      | Reached XP level 4. HP: 23/29 MP: 4/4
  1999 | D:3      | Noticed a bullfrog
  2007 | D:3      | Killed a bullfrog
  2007 | D:3      | Reached XP level 5. HP: 21/34 MP: 5/5
  2056 | D:3      | Noticed a hippogriff
  2061 | D:3      | Slain by a hippogriff

Vault maps used:
D:1:      dpeg_arrival_ratfight
D:2:      nicolae_overflow_hidden_temple, first_bread, roderic_roman_lattice
D:3:      corexii_shack

Skill      XL: |  1  2  3  4 |
---------------+-------------+-----
Axes           | 3 4 |  4.0
Fighting       | 4 |  4.3
Dodging        | 2 |  2.5
Armour         | |  2.4
Stealth        | |  0.9

Action                   |  1- 3 |  4- 6 || total
-------------------------+-------+-------++-------
Melee: Hand axe          |   121 |    73 ||   194
Invok: Berserk           |       |     1 ||     1
 Stab: Sleeping          |     1 |     1 ||     2
  Eat: Chunk             |     1 |     4 ||     5
Armor: Animal skin       |    56 |    12 ||    68
       Ring mail         |       |    21 ||    21
Dodge: Dodged            |    83 |    40 ||   123

Table legend:
 A = Spawn XP
 B = Non-spawn XP
 C = Spawn XP percentage of total XP
 D = Spawn monster count
 E = Non-spawn monster count
 F = Spawn count percentage of total count
 G = Total turns spent on level
                    A         B        C        D         E        F      G
               +---------+---------+-------+---------+---------+-------+---------
         Total |       0 |     227 |   0.0 |       0 |      53 |   0.0 |  2061
               +---------+---------+-------+---------+---------+-------+---------
           D:1 |       0 |      26 |   0.0 |       0 |      17 |   0.0 |   882
           D:2 |       0 |      63 |   0.0 |       0 |      23 |   0.0 |   941
           D:3 |       0 |     138 |   0.0 |       0 |      13 |   0.0 |   238
               +---------+---------+-------+---------+---------+-------+---------
